Map: Submarine LE

Players

RyuKey

  • Race: Terran Terran
  • League: Diamond
  • Spawn Location: 11:00

Farelowsnu - Winner!

  • Race: Terran Terran
  • League: Master
  • Spawn Location: 5:00

VOD

Have the link to the VOD?

Description

Time

  • Played on: June 21, 2020, 3:46 p.m.
  • Length: 9:38
Show
View Real Time Build Order
Export as new Build Order

RyuKey Terran 

Build Orders:  

Get SALT Encoding   

  12  0:00  SCV  
  13  0:12  SCV  
  14  0:17  Supply Depot  
  14  0:26  Refinery  
  14  0:28  SCV  
  15  0:41  Barracks  
  15  0:45  SCV  
  16  0:57  SCV  
  16  1:04  Supply Depot  
  17  1:11  Refinery, SCV  
  18  1:30  Orbital Command  
  18  1:31  Reaper  
  19  1:56  Factory  
  19  1:58  SCV  
  20  2:05  Barracks Reactor  
  20  2:10  SCV  
  21  2:22  SCV  
  21  2:34  SCV  
  22  2:53  SCV  
  22  2:54  Reaper x2  
  22  2:55  Hellion  
  22  2:57  Starport  
  27  3:05  SCV  
  28  3:11  Supply Depot  
  28  3:13  Command Center  
  28  3:17  Hellion  
  30  3:26  Reaper  
  31  3:33  Reaper  
  32  3:34  Medivac  
  32  3:37  SCV  
  32  3:38  Supply Depot  
  32  3:39  Hellion  
  39  4:04  Marine  
  39  4:05  Marine  
  41  4:12  SCV  
  41  4:14  Supply Depot, Viking  
  44  4:19  Factory Tech Lab  
  42  4:24  SCV  
  42  4:25  Supply Depot  
  43  5:05  SCV  
  43  5:06  Medivac, Siege Tank  
  38  5:09  Supply Depot  
  38  5:11  Orbital Command  
  38  5:16  Marine x2  
  38  5:17  SCV  
  41  5:30  SCV  
  41  5:31  Supply Depot  
  41  5:33  Engineering Bay  
  41  5:34  Marine x2  
  41  5:35  Engineering Bay  
  44  5:36  Barracks  
  44  5:39  Starport Reactor  
  44  5:46  Siege Tank  
  44  5:48  SCV  
  48  5:52  Marine  
  49  5:58  SCV  
  49  6:00  SCV  
  51  6:04  Terran Infantry Armor Level 1, Terran Infantry Weapons Level 1  
  51  6:09  Marine  
  51  6:10  Marine, SCV  
  54  6:18  Refinery, SCV  
  59  6:28  SCV  
  59  6:31  Barracks, Factory Tech Lab  
  55  6:44  Marine  
  55  6:45  Marine  
  55  6:50  Viking  
  55  6:53  Cyclone  
  54  6:59  SCV  
  54  7:02  Marine, SCV  
  54  7:04  Marine  
  54  7:06  Viking  
  55  7:20  Marine  
  48  7:31  Marine  
  48  7:36  Viking  
  44  7:38  Marine  
  41  7:49  Marine  
  37  7:59  SCV x2  
  37  8:02  Armory, Barracks Tech Lab  
  37  8:03  Siege Tank  
  35  8:30  Marine  
  35  8:32  Marine, SCV x2  
  39  8:34  Viking  
  35  8:43  Cyclone  
  35  8:48  Marine  
  35  8:50  Marine  
  34  9:01  SCV  
  27  9:05  Marine  
  27  9:08  Marine  
  27  9:21  SCV  
Show
View Real Time Build Order
Export as new Build Order

Farelowsnu Terran - Winner!

Build Orders: Reaper Expand 

Get SALT Encoding   

  12  0:01  SCV  
  13  0:13  SCV  
  14  0:17  Supply Depot  
  14  0:25  SCV  
  15  0:39  SCV  
  15  0:41  Barracks  
  16  0:48  Refinery  
  16  0:51  SCV  
  17  1:03  SCV  
  18  1:16  SCV  
  19  1:31  Command Center  
  19  1:35  Orbital Command  
  19  1:42  Reaper  
  20  1:48  Refinery  
  20  1:57  Supply Depot  
  21  2:01  SCV  
  21  2:19  Factory  
  21  2:24  SCV, Bunker  
  22  2:30  Barracks Reactor  
  22  2:36  SCV  
  22  2:48  SCV  
  22  2:56  Orbital Command  
  21  3:00  SCV  
  21  3:04  Factory Tech Lab  
  21  3:05  Starport  
  22  3:06  Marine x2  
  22  3:12  SCV  
  25  3:24  SCV, Siege Tank  
  25  3:25  Marine x2  
  31  3:28  SCV  
  32  3:36  SCV  
  33  3:43  Starport Tech Lab  
  33  3:51  Fusion Core  
  33  3:53  SCV  
  33  3:54  SCV  
  35  3:58  Refinery  
  38  4:02  Siege Tank  
  38  4:07  SCV x2  
  40  4:10  Refinery  
  40  4:15  Engineering Bay  
  40  4:19  Supply Depot  
  40  4:20  SCV x2  
  42  4:34  Supply Depot  
  42  4:46  Battlecruiser  
  46  5:07  SCV  
  46  5:08  SCV  
  48  5:18  Missile Turret  
  48  5:21  SCV x2  
  50  5:34  SCV x2  
  52  5:42  Command Center  
  52  5:55  Battlecruiser  
  59  5:57  SCV x2  
  60  6:05  Starport  
  60  6:12  Supply Depot  
  60  6:17  Armory  
  60  6:20  Armory  
  60  6:25  Supply Depot  
  60  6:26  Supply Depot  
  60  6:30  SCV x2  
  62  6:33  Siege Tank  
  65  6:49  Starport Tech Lab  
  65  6:55  SCV  
  65  6:56  SCV  
  65  6:59  Battlecruiser  
  73  7:06  Siege Tank  
  73  7:08  SCV x2  
  78  7:09  Starport  
  78  7:40  Battlecruiser, SCV x2  
  80  7:49  Siege Tank  
  83  7:52  Starport Reactor  
  83  7:53  Starport  
  83  7:55  Orbital Command  
  81  8:21  Battlecruiser, SCV x3  
  89  8:36  Viking x2  
  93  8:44  SCV x2  
  93  8:45  SCV  
  96  8:56  Siege Tank  
  96  9:01  SCV x2  
  101  9:03  Refinery  
  101  9:05  Refinery  
  101  9:06  Supply Depot  
  101  9:09  SCV, Supply Depot x2  
  102  9:11  Supply Depot  
  102  9:12  Supply Depot  
  102  9:13  Supply Depot  
Tags
 
Matchup
TvT
Race
Terran
Spawn Locations
Cross Positions
Add a new tag
Caveats
  • Supply blocks, unpowered buildings, or Contaminate may cause inaccurate times.
  • Supply counts are checked every 10 seconds.